 Seeded DCSS version 0.28-a0-1213-g0243856f03 (webtiles) character file.

Game seed: 15488473582864617617 (custom seed)

321536 flotson the Warrior (level 20, -21/162 HPs)
             Began as a Demonspawn Gladiator on Dec 21, 2021.
             Was the Champion of Hepliaklqana.
             Killed from afar by Sojobo (34 damage)
             ... with a bolt of lightning
             ... on level 4 of the Vaults.
             The game lasted 02:10:32 (57148 turns).

flotson the Warrior (Demonspawn Gladiator)         Turns: 57148, Time: 02:10:33

Health: -21/162    AC: 25    Str: 25    XL:     20   Next: 65%
Magic:  27/27      EV: 15    Int:  6    God:    Hepliaklqana [******]
Gold:   2004       SH: 13    Dex: 17    Spells: 19/19 levels left

rFire   + . .      SeeInvis .   a - +8 broad axe (vorpal)
rCold   + . .      Faith    .   w - +0 kite shield {AC+3}
rNeg    + . .      Spirit   .   S - +10 plate armour of the Worm {Regen+}
rPois   +          Reflect  .   (helmet unavailable)
rElec   .          Harm     .   t - +2 cloak of Morality {rPois rC+ Int-4}
rCorr   .          Rampage  .   (gloves unavailable)
Will    +....                   (boots unavailable)
Stlth   ..........              C - amulet of Vitality {Regen+ HP+15}
HPRegen 1.97/turn               i - +4 ring of slaying
MPRegen 0.20/turn               Q - ring of Qadipi {rF+ rN+}

@: marked, corroded, studying Stealth
A: reduced essence, hooves 3, horns 3, ignite blood 2, demonic magic 2, demonic
touch 3, thin skeletal structure 1, strong 1
}: 2/15 runes: decaying, serpentine
a: Renounce Religion, Recall Ancestor, Ancestor Identity, Transference, Idealise


You were on level 4 of the Vaults.
You worshipped Hepliaklqana.
Hepliaklqana was exalted by your worship.
You visited 8 branches of the dungeon, and saw 39 of its levels.
You also visited: Gauntlet and Wizlab.

You collected 4900 gold pieces.
You spent 2896 gold pieces at shops.

Inventory:

Hand Weapons
 a - a +8 vorpal broad axe (weapon)
 b - the +9 hand crossbow of Onanytz {elec, Str+5 Dex+2}
   (You bought it in a shop on level 2 of the Orcish Mines)

   Any ammunition fired from it occasionally discharges a powerful burst of
   electricity upon striking a foe.
   Str:       It affects your strength (+5).
   Dex:       It affects your dexterity (+2).
 c - the +7 scimitar of Foolhardiness {flame, *Slow +Blink Fly rCorr}
   (You bought it in a shop on level 2 of the Orcish Mines)

   It burns those it strikes, dealing additional fire damage.
   Big, fiery blades are also staple armaments of hydra-hunters.
   Fly:       It grants you flight.
   +Blink:    It lets you blink.
   rCorr:     It protects you from acid and corrosion.
   *Slow:     It may slow you when you take damage.
Missiles
 g - 4 throwing nets
 v - 891 bolts
 I - 4 datura-tipped darts
 M - 4 silver javelins
 N - 5 curare-tipped darts (quivered)
 O - 11 atropa-tipped darts
 T - 5 boomerangs of dispersal
Armour
 t - the +2 cloak of Morality (worn) {rPois rC+ Int-4}
   (You found it in a wizard's laboratory)

   Int:       It affects your intelligence (-4).
   rC:        It protects you from cold.
   rPois:     It protects you from poison.
 w - a +0 kite shield of protection (worn)
 J - a scarf of repulsion
 S - the +10 plate armour of the Worm (worn) {Regen+}
   (You bought it in a shop on level 2 of the Elven Halls)

   Regen:     It increases your rate of health regeneration.
Jewellery
 i - a +4 ring of slaying (left hand)
 k - a ring of see invisible
 C - the amulet of Vitality (around neck) {Regen+ HP+15}
   (You found it on level 3 of the Vaults)

   [amulet of regeneration]

   HP:        It affects your health (+15).
   Regen:     It increases your rate of health regeneration.
 Q - the ring of Qadipi (right hand) {rF+ rN+}
   (You found it on level 3 of the Elven Halls)

   [ring of protection from fire]

   rF:        It protects you from fire.
   rN:        It protects you from negative energy.
Wands
 q - a wand of paralysis (21)
 x - a wand of acid (10)
 E - a wand of digging (27)
 R - a wand of charming (25)
 U - a wand of mindburst (13)
 Z - a wand of iceblast (44)
Scrolls
 m - 2 scrolls of blinking
 o - 8 scrolls of teleportation
 p - 4 scrolls of immolation
 u - 3 scrolls of summoning
 y - 2 scrolls of magic mapping
 A - 6 scrolls of holy word
 B - 7 scrolls of fear
 H - 4 scrolls of vulnerability
 P - 8 scrolls of fog
 W - 2 scrolls of silence
Potions
 d - 7 potions of curing
 e - 7 potions of haste
 j - a potion of cancellation
 r - 8 potions of heal wounds
 z - 6 potions of lignification
 D - 8 potions of might
 G - 2 potions of invisibility
 K - 3 potions of attraction
 L - 6 potions of ambrosia
Miscellaneous
 h - a tin of tremorstones (2/2)
 l - a box of beasts
 n - a condenser vane
 s - a lightning rod (4/4)
 F - a piece from Xom's chessboard (15/15)
 V - a phial of floods
 X - a phantom mirror


   Skills:
 + Level 15.9 Fighting
 - Level 8.5 Short Blades
 + Level 8.5(9.4) Axes
 - Level 6.0(8.1) Polearms
 + Level 11.3 Crossbows
 - Level 9.6 Throwing
 + Level 14.5 Armour
 + Level 14.9 Dodging
 + Level 14.0 Shields
 - Level 9.4 Invocations
 - Level 9.2 Evocations


You had 19 spell levels left.
You didn't know any spells.
Your spell library contained the following spells:

 Spells                   Type           Power      Damage    Failure   Level
 Apportation              Tloc           0%         N/A       99%         1
 Freeze                   Ice            0%         1d3       99%         1
 Magic Dart               Conj           0%         1d3       99%         1
 Sandblast                Erth           0%         2d4       99%         1
 Slow                     Hex            0%         N/A       99%         1
 Corpse Rot               Necr/Air       0%         N/A       100%        2
 Passwall                 Tmut/Erth      0%         N/A       100%        2
 Scorch                   Fire           0%         2d5       100%        2
 Searing Ray              Conj           0%         2d4       100%        2
 Static Discharge         Conj/Air       0%         N/A       100%        2
 Sublimation of Blood     Necr           0%         N/A       100%        2
 Confusing Touch          Hex            0%         N/A       100%        3
 Conjure Flame            Conj/Fire      0%         6-21      100%        3
 Dazzling Flash           Conj/Hex       0%         N/A       100%        3
 Frozen Ramparts          Ice            0%         1d2       100%        3
 Gell's Gravitas          Tloc           0%         N/A       100%        3
 Ignite Poison            Fire/Tmut/Pois 0%         N/A       100%        3
 Mephitic Cloud           Conj/Pois/Air  0%         N/A       100%        3
 Ozocubu's Armour         Ice            0%         N/A       100%        3
 Spider Form              Tmut/Pois      0%         N/A       100%        3
 Stone Arrow              Conj/Erth      0%         3d7       100%        3
 Teleport Other           Tloc           0%         N/A       100%        3
 Vampiric Draining        Necr           0%         2d6       100%        3
 Cause Fear               Hex            0%         N/A       100%        4
 Dispel Undead            Necr           0%         3d6       100%        4
 Flame Wave               Conj/Fire      0%         2d4       100%        4
 Fulminant Prism          Conj/Hex       0%         3d6       100%        4
 Hailstorm                Conj/Ice       0%         3d3       100%        4
 Ice Form                 Ice/Tmut       0%         N/A       100%        4
 Iskenderun's Mystic Bla  Conj/Tloc      0%         2d3       100%        4
 Olgreb's Toxic Radiance  Pois           0%         N/A       100%        4
 Petrify                  Tmut/Erth      0%         N/A       100%        4
 Sticky Flame             Conj/Fire      0%         2d3       100%        4
 Summon Ice Beast         Ice/Summ       0%         N/A       100%        4
 Alistair's Intoxication  Tmut/Pois      0%         N/A       100%        5
 Fireball                 Conj/Fire      0%         3d3       100%        5
 Freezing Cloud           Conj/Ice/Air   0%         6-21      100%        5
 Irradiate                Conj/Tmut      0%         3d14      100%        5
 Metabolic Englaciation   Hex/Ice        0%         N/A       100%        5
 Summon Forest            Summ/Tloc      0%         N/A       100%        5
 Summon Mana Viper        Hex/Summ       0%         N/A       100%        5
 Death Channel            Necr           0%         N/A       100%        6
 Dispersal                Tloc           0%         N/A       100%        6
 Iron Shot                Conj/Erth      0%         9d1       100%        6
 Starburst                Conj/Fire      0%         6d3       100%        6
 Statue Form              Tmut/Erth      0%         N/A       100%        6
 Summon Cactus Giant      Summ           0%         N/A       100%        6
 Dragon Form              Tmut           0%         N/A       100%        7
 Haunt                    Necr/Summ      0%         N/A       100%        7
 Ozocubu's Refrigeration  Ice            0%         4d5       100%        7
 Ignition                 Fire           0%         3d3       100%        8
 Chain Lightning          Conj/Air       0%         N/A       100%        9
 Dragon's Call            Summ           0%         N/A       100%        9
 Fire Storm               Conj/Fire      0%         5d1       100%        9
 Shatter                  Erth           0%         3d5*      100%        9


Dungeon Overview and Level Annotations

Branches:
Dungeon (15/15)            Temple (1/1) D:4            Lair (6/6) D:10
  Swamp (4/4) Lair:4        Snake (4/4) Lair:2        Slime (0/5) Lair:6
    Orc (2/2) D:10            Elf (3/3) Orc:2        Vaults (4/5) D:13
  Crypt (0/3) Vaults:3     Depths (0/4) D:15         WizLab (visited)
Gauntlet (visited)

Altars:
Ashenzari
Dithmenos
Elyvilon
Fedhas
Gozag
Hepliaklqana
Kikubaaqudgha
Makhleb
Nemelex Xobeh
Okawaru
Qazlal
Ru
Sif Muna
Trog
Uskayaw
Vehumet
Xom
Yredelemnul
The Shining One
Jiyva

Shops:
D:4 [   Orc:2 (:((=:(   Elf:2 *   Elf:3 [   Snake:2 !   Snake:3 !*?!:
Vaults:1 !   Vaults:2 (

Annotations:
Elf:2 1 runed translucent door
Vaults:4 Sojobo


Innate Abilities, Weirdness & Mutations

Your life essence is reduced to manifest your ancestor. (-10% HP)
You have hooves in place of feet.
You have a pair of large horns on your head.
Your demonic aura often causes spilled blood to erupt in flames.
Spells you cast may paralyse nearby enemies.
Your touch may irresistibly damage your foes and sap their willpower.
You have a somewhat thin skeletal structure. (Dex +2, Stealth+)
Your muscles are strong. (Str +2)


Message History

* * * LOW HITPOINT WARNING * * *
The vault sentinel is engulfed in blazing flames.
The air elemental hits you.
* * * LOW HITPOINT WARNING * * *
Sojobo hits you with a +1 great sword of flaming!
* * * LOW HITPOINT WARNING * * *
Sojobo burns you.
* * * LOW HITPOINT WARNING * * *
Sojobo pecks you but does no damage. Sojobo claws you but does no damage.
You can move again.
Press: ? - help, v - describe, . - travel, g - get item
Here: Sojobo, wielding a +1 great sword of flaming and wearing a +3 ring mail of fire resistance (almost dead, repelling missiles)
Items here: a +0 war axe; a +1 scale mail of fire resistance; a +0 buckler.
The floor, spattered with blood.
Unknown command.
Unknown command.
Unknown command.
You feel much better. You block the air elemental's attack.
The air elemental fires a burst of electricity at you.
The stunning burst misses you.
The vault sentinel is engulfed in blazing flames.
The ironbound thunderhulk is engulfed in blazing flames.
Strange energies crackle from the ironbound thunderhulk's apparatus.
The ironbound thunderhulk blinks!
You block Sojobo's attack. Sojobo pecks you but does no damage.
Sojobo claws you!
* * * LOW HITPOINT WARNING * * *
Aiming: Corrosive Bolt
Press: ? - help, Shift-Dir - straight line, f - vault sentinel
Aim: a vault sentinel, wielding a +0 long sword and wearing a +0 scale mail (severely wounded, 67% to hit)
The bolt of acid misses Sojobo.
The bolt of acid misses the vault sentinel.
The air elemental fires a burst of electricity at you.
The stunning burst hits you but does no damage.
You shrug off the repeated paralysis!
You block the air elemental's attack.
Strange energies crackle from the ironbound thunderhulk's apparatus.
The ironbound thunderhulk blinks!
The air elemental hits you.
* * * LOW HITPOINT WARNING * * *
Sojobo gestures at you while chanting. The bolt of lightning hits you!!
You die...

########
......#
##.<)#
##E#Qp#
#.)@#O+
#...##.#
#...###.#
#/ยง.###..#
#O/# #...#
### #...#
####'###
#......#
#......#


You could see Sojobo (repels missiles), an ironbound thunderhulk, a vault
sentinel and an air elemental (summoned).

Vanquished Creatures
  Vashnia (Snake:2)
  A Hellbinder (WizLab)
  2 deep elf blademasters (Elf:3)
  Rupert (Lair:3)
  Asterion (Snake:3)
  2 deep elf master archers (Elf:3)
  A sphinx (Vaults:3)
  A thorn hunter (Swamp:3)
  2 tengu reavers (Vaults:4)
  Kirke (Snake:3)
  Gastronok (Lair:3)
  Roxanne (D:14)
  5 nagarajas
  A fenstrider witch (Swamp:1)
  5 deep elf sorcerers
  An orc warlord (Vaults:2)
  Aizul (Snake:3)
  6 vault wardens
  2 balrugs (WizLab)
  2 deep elf elementalists (Elf:3)
  2 ghouls
  6 ironbound preservers
  A demonspawn blood saint (WizLab)
  4 ironbound thunderhulks
  3 deep elf demonologists (Elf:3)
  6 very ugly things
  3 eleionomae
  Azrael (Snake:3)
  4 lorocyprocas (WizLab)
  5 bunyips
  Nessos (Lair:6)
  A minotaur (Gauntlet)
  An entropy weaver (Vaults:4)
  A crystal guardian (Vaults:3)
  5 deep elf annihilators
  A blizzard demon (WizLab)
  Josephine (D:15)
  10 deep elf death magi
  2 fire dragons (D:15)
  A green death (WizLab)
  A shambling mangrove (Swamp:1)
  Snorg (D:12)
  10 yaktaur captains
  4 great orbs of eyes
  2 deep elf high priests (Elf:3)
  3 salamander tyrants (Snake:4)
  5 vault guards
  A peacekeeper (Vaults:3)
  A spriggan air mage (Swamp:2)
  18 hydras
  A merfolk avatar (Lair:6)
  Harold (D:11)
  7 boulder beetles
  2 ghost crabs
  2 hell beasts
  3 ironbound frosthearts
  A catoblepas (Lair:4)
  3 two-headed ogres
  18 naga warriors
  5 alligators
  4 anacondas
  5 centaur warriors (Vaults:3)
  7 death yaks
  A two-headed ogre (shapeshifter) (Vaults:1)
  5 orc high priests (Orc:2)
  2 tengu warriors (D:15)
  25 dancing weapons
  8 shock serpents
  18 naga sharpshooters
  2 soul eaters (WizLab)
  4 sun demons (WizLab)
  8 deep elf knights
  A sixfirhy (WizLab)
  3 salamander mystics
  4 skeletal warriors (D:12)
  6 goliath frogs
  12 deep trolls
  A glowing orange brain (Vaults:2)
  A spriggan druid (Swamp:3)
  8 lindwurms
  2 sea snakes
  7 swamp dragons
  6 harpies
  2 naga ritualists
  7 bog bodies
  10 deep elf archers
  8 ironbound convokers
  Pikel (D:6)
  9 orc knights
  6 wizards
  20 deep elf pyromancers
  3 mana vipers (Snake:2)
  An orc sorcerer (Orc:1)
  25 ugly things
  3 cyclopes
  3 will-o-the-wisps
  17 deep elf zephyrmancers
  7 manticores
  8 elephants
  11 salamanders
  34 black mambas
  5 guardian serpents
  5 smoke demons (WizLab)
  9 vault sentinels
  13 naga magi
  A rust devil (WizLab)
  A gargoyle (D:14)
  Psyche (D:10)
  10 cane toads
  An unseen horror (D:10)
  13 yaktaurs
  A redback zombie (D:8)
  A hellion (WizLab)
  2 ice devils (WizLab)
  A kobold demonologist (D:6)
  2 rime drakes
  An efreet (D:15)
  7 komodo dragons
  A red devil (WizLab)
  2 hellwings (D:8)
  3 meliai (D:15)
  4 polar bears
  A meliai (shapeshifter) (Elf:3)
  A wind drake (Lair:6)
  2 bloated husks
  5 tyrant leeches
  Grinder (D:6)
  17 blink frogs
  9 hornets
  26 slime creatures
  A snapping turtle (Lair:5)
  3 air elementals
  2 centaur simulacra (Gauntlet)
  Sigmund (D:3)
  5 spriggans
  A spriggan (shapeshifter) (D:13)
  A water elemental (D:14)
  37 yaks
  7 wraiths
  7 fire elementals
  3 hogs (Snake:3)
  A human (shapeshifter) (D:14)
  3 wyverns
  2 basilisks
  2 chaos spawn (WizLab)
  20 vampire mosquitoes
  15 swamp worms
  2 wargs
  47 nagas
  7 water moccasins
  A floating eye (shapeshifter) (D:13)
  An ice beast (D:7)
  6 swamp drakes (Swamp:4)
  2 sky beasts
  36 orc warriors
  3 necrophages
  An ice dragon simulacrum (Gauntlet)
  9 wolves (Lair:2)
  3 boggarts (D:14)
  9 ogres
  3 centaurs
  9 bullfrogs
  3 kobold brigands
  A gnoll sergeant (D:8)
  Blork the orc (D:6)
  A wyvern zombie (D:8)
  A wyvern skeleton (D:6)
  2 troll zombies (Swamp:4)
  25 killer bees
  5 howler monkeys
  5 electric eels
  A crimson imp (D:3)
  5 centaur zombies
  3 jellies
  An iron imp (D:5)
  5 centaur skeletons
  4 hounds
  23 orc priests
  2 gnoll shamans
  Crazy Yiuf (D:6)
  Ijyb (D:4)
  3 hell rats (Lair:3)
  2 iguanas
  17 orc wizards
  2 scorpion zombies (D:5)
  A killer bee zombie (D:8)
  2 hound skeletons (D:5)
  A howler monkey zombie (D:9)
  13 adders
  13 gnolls
  5 shadow imps
  A white imp (D:5)
  An ufetubus (D:5)
  An adder skeleton (D:4)
  3 worms
  A dart slug (D:3)
  65 orcs
  4 bats
  6 endoplasms
  3 giant cockroaches
  6 goblins
  5 hobgoblins
  11 jackals
  13 kobolds
  3 quokkas
  4 ball pythons
  4 frilled lizards
  A goblin skeleton (D:3)
  A goblin zombie (D:3)
  A hobgoblin zombie (D:3)
  A kobold zombie (D:3)
  2 orc skeletons (D:3)
  An orc zombie (D:3)
  A rat (D:1)
1185 creatures vanquished.

Vanquished Creatures (collateral kills)
  A thorn hunter (Swamp:4)
  2 vault wardens
  An ironbound preserver (Vaults:3)
  An ironbound thunderhulk (Vaults:2)
  2 eleionomae
  A shambling mangrove (Swamp:4)
  2 salamander tyrants
  2 naga warriors
  2 vault guards (Vaults:3)
  4 hydras
  3 dancing weapons (Elf:2)
  3 death yaks (Lair:6)
  A slime creature (D:14)
  A goliath frog (Swamp:1)
  A spriggan druid (Swamp:3)
  A deep troll (Vaults:3)
  A wizard (Vaults:3)
  A lindwurm (Vaults:2)
  2 bog bodies (Swamp:4)
  An orc knight (Orc:2)
  3 swamp dragons (Swamp:4)
  An ironbound convoker (Vaults:3)
  A deep elf pyromancer (Elf:2)
  A mana viper (Snake:1)
  A harpy (Vaults:3)
  5 ugly things
  A will-o-the-wisp (Swamp:4)
  A centaur zombie (D:8)
  An elephant (Lair:6)
  A naga mage (Snake:3)
  2 vault sentinels (Vaults:2)
  A gargoyle (D:12)
  3 black mambas
  2 cane toads
  A yaktaur (Vaults:3)
  A kobold demonologist (D:6)
  A komodo dragon (Lair:6)
  2 rime drakes
  A troll (Orc:1)
  2 tyrant leeches
  A wind drake (Lair:6)
  A queen bee (D:15)
  A raiju (shapeshifter) (D:13)
  5 blink frogs
  2 water elementals (D:14)
  Eustachio (D:6)
  4 yaks
  A basilisk (Lair:1)
  A fire elemental (Snake:3)
  2 vampire mosquitoes
  2 steam dragons (Lair:6)
  3 nagas
  2 swamp worms
  A water moccasin (Lair:3)
  2 hell hounds (Snake:3)
  A sky beast (D:7)
  5 orc warriors
  5 killer bees (D:15)
  3 electric eels
  5 orc priests
  A bullfrog skeleton (D:6)
  2 iron imps (D:5)
  A hell rat (Lair:3)
  3 orc wizards
  A gnoll (D:9)
  An adder (D:6)
  A shadow imp (D:8)
  12 orcs
  5 kobolds
140 creatures vanquished.

Vanquished Creatures (others)
  A deep elf annihilator (Elf:1)
  A spriggan air mage (Swamp:4)
  A deep elf knight (Elf:2)
  A swamp dragon (Swamp:4)
  A naga mage (Snake:4)
  2 bloated husks
  A spriggan (Swamp:2)
  2 humans (Snake:3)
  61 hexers
  A briar patch (Swamp:4)
  14 demonic plants (Gauntlet)
  20 foxfires
  16 fungi
  63 plants
  26 withered plants
211 creatures vanquished.

Grand Total: 1536 creatures vanquished

Notes
Turn   | Place    | Note
-------+----------+-------------------------------------------
     0 | D:1      | flotson the Demonspawn Gladiator began the quest for the
                  | Orb.
     0 | D:1      | Reached XP level 1. HP: 16/16 MP: 1/1
   116 | D:1      | Discovered your monstrous ancestry.
   116 | D:1      | Gained mutation: Your touch may inflict minor irresistible
                  | damage on your foes. [demonic ancestry]
   116 | D:1      | Reached XP level 2. HP: 7/22 MP: 2/2
   385 | D:1      | Found a faded altar of an unknown god.
   608 | D:1      | Reached skill level 1 in Armour
   839 | D:1      | Gained mutation: You have a pair of small horns on your
                  | head. [demonic ancestry]
   839 | D:1      | Reached XP level 3. HP: 27/28 MP: 3/3
  1029 | D:2      | Gained mutation: Spells you cast may paralyse adjacent
                  | enemies. [demonic ancestry]
  1029 | D:2      | Reached XP level 4. HP: 27/34 MP: 4/4
  1306 | D:2      | Reached skill level 3 in Fighting
  1699 | D:3      | Gained mutation: Your demonic aura sometimes causes spilled
                  | blood to erupt in flames. [demonic ancestry]
  1699 | D:3      | Reached XP level 5. HP: 41/41 MP: 5/5
  1956 | D:3      | Noticed Sigmund
  1971 | D:3      | Killed Sigmund
  1972 | D:3      | Reached XP level 6. HP: 36/48 MP: 3/6
  2239 | D:3      | Reached skill level 4 in Fighting
  2498 | D:4      | Gained mutation: Your demonic aura often causes spilled
                  | blood to erupt in flames. [demonic ancestry]
  2498 | D:4      | Reached XP level 7. HP: 49/54 MP: 4/7
  2601 | D:4      | Found a sparkling altar of Nemelex Xobeh.
  2614 | D:4      | Noticed Ijyb
  2628 | D:4      | Killed Ijyb
  2956 | D:4      | Found Riyff's Armour Boutique.
  3086 | D:4      | Bought a +0 kite shield of protection for 138 gold pieces
  3216 | D:4      | Found a staircase to the Ecumenical Temple.
  3222 | Temple   | Entered the Ecumenical Temple
  3382 | Temple   | Became a worshipper of Hepliaklqana the Forgotten
  3484 | D:4      | Found an opulent altar of Gozag.
  3643 | D:5      | Entered Level 5 of the Dungeon
  3772 | D:5      | Reached skill level 1 in Evocations
  3775 | D:5      | Reached skill level 1 in Shields
  3776 | D:5      | Gained mutation: You have large cloven feet. [demonic
                  | ancestry]
  3776 | D:5      | Reached XP level 8. HP: 46/61 MP: 6/8
  4038 | D:5      | Reached * piety under Hepliaklqana
  4141 | D:5      | Reached skill level 5 in Dodging
  4179 | D:5      | Reached skill level 5 in Fighting
  4259 | D:5      | Found an ancient bone altar of Kikubaaqudgha.
  4600 | D:5      | Found a burning altar of Makhleb.
  4798 | D:6      | Noticed Eustachio
  4804 | D:6      | Killed Eustachio
  4858 | D:6      | Noticed Pikel
  4901 | D:6      | Killed Pikel
  4902 | D:6      | Reached skill level 5 in Throwing
  4902 | D:6      | Gained mutation: Spells you cast may paralyse nearby
                  | enemies. [demonic ancestry]
  4902 | D:6      | Reached XP level 9. HP: 55/61 MP: 7/9
  4947 | D:6      | Noticed Grinder
  4951 | D:6      | Paralysed by Grinder for 6 turns
  4959 | D:6      | Killed Grinder
  4969 | D:6      | Noticed a kobold demonologist
  4970 | D:6      | Noticed a kobold demonologist
  4998 | D:6      | Killed a kobold demonologist
  4999 | D:6      | Reached skill level 5 in Armour
  5033 | D:6      | Killed a kobold demonologist
  5034 | D:6      | Reached skill level 6 in Fighting
  5508 | D:6      | Found a runed translucent door.
  5509 | D:6      | Noticed Crazy Yiuf
  5657 | D:6      | Found an iron altar of Okawaru.
  5670 | D:6      | Noticed Blork the orc
  5680 | D:6      | Killed Blork the orc
  5837 | D:6      | Killed Crazy Yiuf
  5932 | D:7      | You fall into a shaft and drop 2 floors!
  6074 | D:9      | Reached ** piety under Hepliaklqana
  6075 | D:9      | Remembered your ancestor Sunngifu as a hexer
  6117 | D:8      | Noticed a two-headed ogre
  6135 | D:8      | Killed a two-headed ogre
  6136 | D:8      | Gained mutation: You have a pair of horns on your head.
                  | [demonic ancestry]
  6136 | D:8      | Reached XP level 10. HP: 38/69 MP: 5/10
  8090 | D:8      | Reached skill level 7 in Fighting
  8107 | D:8      | Reached skill level 5 in Evocations
  8194 | D:8      | Reached skill level 5 in Shields
  8528 | D:8      | Reached *** piety under Hepliaklqana
  9015 | D:9      | Reached XP level 11. HP: 75/75 MP: 11/11
  9286 | D:9      | Found a stormy altar of Qazlal.
  9289 | D:9      | Found a shadowy altar of Dithmenos.
  9622 | D:10     | Entered Level 10 of the Dungeon
  9652 | D:10     | Found a staircase to the Lair.
  9658 | D:10     | Found a staircase to the Orcish Mines.
  9658 | D:10     | Noticed Psyche
  9669 | D:10     | Reached skill level 1 in Invocations
  9675 | D:10     | Killed Psyche
  9795 | D:10     | Reached **** piety under Hepliaklqana
  9811 | D:10     | Noticed a two-headed ogre
  9818 | D:10     | Reached skill level 1 in Polearms
  9825 | D:10     | Killed a two-headed ogre
 10477 | D:10     | Reached skill level 8 in Fighting
 10774 | Lair:1   | Entered Level 1 of the Lair of Beasts
 11352 | Lair:1   | Noticed a five-headed hydra
 11358 | Lair:1   | Killed a five-headed hydra
 12264 | Lair:2   | Reached ***** piety under Hepliaklqana
 12428 | Lair:2   | Found a staircase to the Snake Pit.
 12451 | Lair:2   | Gained mutation: You have hoof-like feet. [demonic
                  | ancestry]
 12451 | Lair:2   | Reached XP level 12. HP: 46/84 MP: 9/15
 12794 | Lair:2   | Reached skill level 5 in Invocations
 13048 | Lair:2   | Noticed a four-headed hydra
 13057 | Lair:2   | Killed a four-headed hydra
 13364 | Lair:3   | Noticed a seven-headed hydra
 13369 | Lair:3   | Killed a seven-headed hydra
 13441 | Lair:3   | Reached skill level 9 in Fighting
 13654 | Lair:3   | Noticed Rupert
 13668 | Lair:3   | Paralysed by Rupert for 4 turns
 13679 | Lair:3   | Noticed Gastronok
 13920 | Lair:3   | Killed Gastronok
 14259 | Lair:3   | Killed Rupert
 14415 | Lair:4   | Noticed an eight-headed hydra
 14421 | Lair:4   | Killed an eight-headed hydra
 14422 | Lair:4   | Gained mutation: You have hooves in place of feet. [demonic
                  | ancestry]
 14422 | Lair:4   | Reached XP level 13. HP: 81/90 MP: 15/18
 14959 | Lair:4   | Found a staircase to the Swamp.
 15658 | Lair:5   | Reached skill level 5 in Polearms
 16201 | Lair:5   | You fall into a shaft and drop 1 floor!
 16201 | Lair:6   | Entered Level 6 of the Lair of Beasts
 16210 | Lair:5   | Paralysed by a hornet for 1 turns
 16476 | Lair:5   | Reached ****** piety under Hepliaklqana
 17088 | Lair:6   | Reached skill level 10 in Fighting
 17278 | Lair:6   | Gained mutation: Your touch may inflict irresistible damage
                  | on your foes. [demonic ancestry]
 17278 | Lair:6   | Reached XP level 14. HP: 99/99 MP: 20/20
 17452 | Lair:6   | Noticed Nessos
 17471 | Lair:6   | Killed Nessos
 17733 | Lair:6   | Got the Handbook of Attacks
 17984 | Lair:6   | Found the +7 captain's cutlass {speed, disarm}
 18210 | Lair:6   | Found a viscous altar of Jiyva.
 18210 | Lair:6   | Found a staircase to the Slime Pits.
 18385 | Orc:1    | Entered Level 1 of the Orcish Mines
 18996 | Orc:2    | Entered Level 2 of the Orcish Mines
 19019 | Orc:2    | Found Wiogai's Antique Weapon Emporium.
 19035 | Orc:2    | Found a staircase to the Elven Halls.
 19363 | Orc:2    | Found Vuigus's Book Boutique.
 19464 | Orc:2    | Reached skill level 1 in Short Blades
 20457 | Orc:2    | Found Ithukimp's Antique Weapon Boutique.
 20874 | Orc:2    | Bought a crude hand crossbow for 263 gold pieces
 20874 | Orc:2    | Identified the +9 hand crossbow of Onanytz {elec, Str+5
                  | Dex+2} (You bought it in a shop on level 2 of the Orcish
                  | Mines)
 21016 | Orc:2    | Found Wejuajett's Antique Weapon Boutique.
 21016 | Orc:2    | Found Yrruad's Jewellery Boutique.
 21017 | Orc:2    | Found Micwotsogi's Antique Weapon Boutique.
 21017 | Orc:2    | Found Uczuff's Book Shop.
 21318 | Orc:2    | Reached skill level 10 in Dodging
 21464 | Orc:2    | Bought a faintly glowing falchion for 232 gold pieces
 21464 | Orc:2    | Identified the +11 falchion of the Spider Nest {vorpal,
                  | Int+4 SInv} (You bought it in a shop on level 2 of the
                  | Orcish Mines)
 21466 | Orc:2    | Bought an iridescent scimitar for 234 gold pieces
 21466 | Orc:2    | Identified the +7 scimitar of Foolhardiness {flame, *Slow
                  | +Blink Fly rCorr} (You bought it in a shop on level 2 of
                  | the Orcish Mines)
 21673 | D:11     | Noticed Harold
 21688 | D:11     | Killed Harold
 21689 | D:11     | Reached skill level 1 in Crossbows
 22497 | D:12     | Found a gate leading to a gauntlet.
 22510 | Gauntlet | Entered a Gauntlet
 22510 | Gauntlet | Found a large runed translucent door.
 22510 | Gauntlet | Found a large runed translucent door.
 22510 | Gauntlet | Found a large runed translucent door.
 22510 | Gauntlet | Found a large runed translucent door.
 22510 | Gauntlet | Found a large runed translucent door.
 22510 | Gauntlet | Found a large runed translucent door.
 22510 | Gauntlet | Found a large runed translucent door.
 22510 | Gauntlet | Found a large runed translucent door.
 22510 | Gauntlet | Found a runed translucent door.
 22510 | Gauntlet | Found a runed translucent gate.
 22510 | Gauntlet | Found a transporter.
 22510 | Gauntlet | Found a transporter.
 22510 | Gauntlet | Found a runed translucent gate.
 22510 | Gauntlet | Found a transporter.
 22511 | Gauntlet | Found a transporter.
 22514 | Gauntlet | Found a transporter.
 22526 | Gauntlet | Found a transporter.
 22583 | Gauntlet | Found a runed translucent door.
 22584 | Gauntlet | Found a large runed translucent door.
 22584 | Gauntlet | Found a large runed translucent door.
 22584 | Gauntlet | Found a large runed translucent door.
 22584 | Gauntlet | Found a large runed translucent door.
 22585 | Gauntlet | Found a large runed translucent door.
 22585 | Gauntlet | Found a large runed translucent door.
 22586 | Gauntlet | Found a large runed translucent door.
 22586 | Gauntlet | Found a large runed translucent door.
 22590 | Gauntlet | Found a transporter.
 22606 | Gauntlet | Found a transporter.
 22615 | Gauntlet | Found a transporter.
 22629 | Gauntlet | Found a transporter.
 22640 | Gauntlet | Found a transporter.
 22646 | Gauntlet | Found a transporter.
 22669 | Gauntlet | Found a runed translucent gate.
 22718 | Gauntlet | Identified the +2 pair of gloves "Lunkif" {-Tele rN+ Str+3
                  | Int+2}
 22942 | Gauntlet | Identified the +2 robe of Dosepta {rF++ rN+ Dex-2}
 24169 | D:12     | Identified the -5 hat of the Beggar {rN+}
 24952 | D:12     | Got the Handbook of the Frigorific Mountains
 24968 | D:12     | Noticed Snorg
 24971 | D:12     | Killed Snorg
 25395 | D:13     | Gained mutation: You have a pair of large horns on your
                  | head. [demonic ancestry]
 25395 | D:13     | Reached XP level 15. HP: 105/105 MP: 22/22
 25425 | D:13     | Reached skill level 11 in Fighting
 25428 | D:13     | Identified 2 scrolls of acquirement
 25429 | D:13     | Acquired a +2 crystal plate armour
 25430 | D:13     | Acquired a +0 pair of gloves of infusion
 25697 | D:13     | Reached skill level 10 in Armour
 25976 | D:13     | Found a gate to the Vaults.
 27476 | D:14     | Noticed Roxanne
 28040 | D:14     | Killed Roxanne
 28204 | D:15     | Entered Level 15 of the Dungeon
 28683 | D:15     | Reached skill level 5 in Short Blades
 29268 | D:15     | Found a staircase to the Depths.
 29354 | D:15     | Noticed Josephine
 29363 | D:15     | Killed Josephine
 29608 | D:15     | Upgraded the game from 0.28-a0-1206-g193881aaa2 to
                  | 0.28-a0-1213-g0243856f03
 29879 | Swamp:1  | Entered Level 1 of the Swamp
 29967 | Swamp:1  | Noticed a fenstrider witch
 29979 | Swamp:1  | Killed a fenstrider witch
 30207 | Swamp:1  | Reached skill level 5 in Crossbows
 30207 | Swamp:1  | Reached skill level 10 in Shields
 30605 | Swamp:1  | Reached XP level 16. HP: 106/114 MP: 19/23
 30798 | Swamp:1  | Reached skill level 12 in Fighting
 31039 | Swamp:1  | Found an opulent altar of Gozag.
 32041 | Swamp:2  | Paralysed by a hornet for 2 turns
 33285 | Swamp:4  | Entered Level 4 of the Swamp
 36202 | Swamp:4  | Noticed a thorn hunter
 36219 | Swamp:3  | Killed a thorn hunter
 36461 | Swamp:4  | Noticed a thorn hunter
 36470 | Swamp:4  | Killed a thorn hunter
 37046 | Swamp:4  | Got a decaying rune of Zot
 37190 | Snake:1  | Entered Level 1 of the Snake Pit
 37331 | Snake:1  | Reached XP level 17. HP: 107/121 MP: 22/24
 38313 | Snake:2  | Noticed Vashnia
 38590 | Snake:2  | Reached skill level 13 in Fighting
 39576 | Snake:2  | Killed Vashnia
 40215 | Snake:2  | Found Raoni's Distillery.
 42098 | Snake:3  | Noticed Kirke
 42104 | Snake:3  | Killed Kirke
 42491 | Snake:3  | Found Isacsoemn's Magic Scroll Shop.
 42491 | Snake:3  | Found Datiezyx's General Store.
 42492 | Snake:3  | Noticed Aizul
 42508 | Snake:3  | Killed Aizul
 42742 | Snake:3  | Found Pirykaff's Distillery.
 42744 | Snake:3  | Found Weruqeb's Distillery.
 42752 | Snake:3  | Bought a scroll of blinking for 97 gold pieces
 42752 | Snake:3  | Bought a scroll of fog for 26 gold pieces
 42752 | Snake:3  | Bought a scroll of teleportation for 39 gold pieces
 42762 | Snake:3  | Bought 3 potions of heal wounds for 225 gold pieces
 42762 | Snake:3  | Bought a potion of heal wounds for 75 gold pieces
 42762 | Snake:3  | Bought a potion of invisibility for 120 gold pieces
 42765 | Snake:3  | Bought a scroll of teleportation for 51 gold pieces
 42765 | Snake:3  | Bought a scroll of silence for 127 gold pieces
 42766 | Snake:3  | Bought 4 datura-tipped darts for 27 gold pieces
 43428 | Snake:3  | Noticed Asterion
 43437 | Snake:3  | Gained mutation: Your body sometimes deteriorates upon
                  | taking damage. [a cacodemon]
 43440 | Snake:3  | Gained mutation: You sometimes lose the ability to read
                  | scrolls when taking damage. [a cacodemon]
 43445 | Snake:3  | Killed Asterion
 43567 | Snake:3  | Found Faisiuw's Self-Improvement Boutique.
 43638 | Snake:3  | Noticed Azrael
 43646 | Snake:3  | Killed Azrael
 44761 | Snake:4  | Entered Level 4 of the Snake Pit
 44794 | Snake:4  | Reached XP level 18. HP: 123/130 MP: 25/25
 45532 | Snake:4  | Reached skill level 14 in Fighting
 45682 | Snake:4  | Got a serpentine rune of Zot
 46462 | Elf:1    | Entered Level 1 of the Elven Halls
 47322 | Elf:1    | Got the Reference Book on Combat Magic
 47324 | Elf:1    | Got the Guide on Toxins and the Frostbite
 47572 | Elf:1    | Found a radiant altar of Vehumet.
 47678 | Elf:1    | Identified the +9 great mace "Votz" {spect, rCorr Stlth+}
 48657 | Elf:2    | Reached skill level 5 in Axes
 48659 | Elf:2    | Found Oseweit's Assorted Antiques.
 48676 | Elf:2    | Bought a heavily runed plate armour for 1092 gold pieces
 48676 | Elf:2    | Identified the +10 plate armour of the Worm {Regen+} (You
                  | bought it in a shop on level 2 of the Elven Halls)
 48715 | Elf:2    | Lost mutation: You sometimes lose the ability to read
                  | scrolls when taking damage. [potion of mutation]
 48715 | Elf:2    | Lost mutation: Your body sometimes deteriorates upon taking
                  | damage. [potion of mutation]
 48715 | Elf:2    | Gained mutation: Your muscles are strong. (Str +2) [potion
                  | of mutation]
 48715 | Elf:2    | Gained mutation: You have a somewhat thin skeletal
                  | structure. (Dex +2, Stealth+) [potion of mutation]
 48844 | Elf:2    | Found a runed translucent door.
 48876 | Elf:2    | Found a runed translucent door.
 49284 | Elf:2    | HP: 3/129 [+4 lajatang of draining (26)]
 49284 | Elf:2    | HP: 1/123 [+4 lajatang of draining (2)]
 49875 | Elf:3    | Entered Level 3 of the Elven Halls
 49917 | Elf:3    | Reached XP level 19. HP: 120/121 MP: 26/26
 49943 | Elf:3    | Found Nague's Antique Armour Emporium.
 50205 | Elf:3    | Paralysed by an air elemental for 1 turns
 50216 | Elf:3    | Paralysed by an air elemental for 1 turns
 50372 | Elf:3    | Found the necklace of Bloodlust {*Rage Will++ Int-3 Slay+6}
 50375 | Elf:3    | Identified the +0 fire dragon scales "Giexye" {rPois rF++
                  | rC- Str+8 Dex+3 Slay-4}
 50508 | Elf:3    | Identified the +1 chain mail of Bad Feelings {Str+4}
 50511 | Elf:3    | Identified the ring of Qadipi {rF+ rN+}
 50520 | Elf:3    | Identified the +1 mace "Worm's Wrath" {drain, Str+4}
 50545 | Elf:3    | Got the Compendium of Gravity
 51026 | Elf:3    | Reached skill level 10 in Crossbows
 51824 | Vaults:1 | Entered Level 1 of the Vaults
 51965 | Vaults:1 | Reached skill level 15 in Fighting
 52053 | Vaults:1 | Found Weeggeda's Distillery.
 52172 | Vaults:1 | Found a magical portal.
 52179 | WizLab   | Entered The Hall of the Hellbinder
 52842 | WizLab   | Found a burning altar of Makhleb.
 52859 | WizLab   | Identified the +1 cloak of the Maze {*Corrode rN+ Dex+5}
 52861 | WizLab   | Identified the +2 cloak of Morality {rPois rC+ Int-4}
 52866 | WizLab   | Identified the amulet "Osmy" {Faith -Cast Harm Will- SInv}
 52884 | WizLab   | Noticed Ciorrais
 52897 | WizLab   | Identified the +2 cloak of Elyvilon's Inspiration {*Slow
                  | Int+9}
 52899 | WizLab   | Got the Disquisition on Companions
 52953 | WizLab   | Noticed a Brimstone Fiend
 52957 | WizLab   | Killed Ciorrais the Hellbinder
 54671 | Vaults:2 | Found Yxoloss's Weapon Boutique.
 54679 | Vaults:2 | Bought 5 boomerangs of dispersal for 150 gold pieces
 54708 | Vaults:2 | Identified the +7 bardiche "Tuch" {protect, Int+4}
 54904 | Vaults:2 | Gained mutation: Your touch may irresistibly damage your
                  | foes and sap their willpower. [demonic ancestry]
 54904 | Vaults:2 | Reached XP level 20. HP: 145/145 MP: 23/27
 55883 | Vaults:3 | Found the amulet of Vitality {Regen+ HP+15}
 55913 | Vaults:3 | Identified the +3 spear of the Owl {drain, rF+ rC+}
 56419 | Vaults:3 | Identified the +0 scale mail of the Guilds {rF+ Int+4}
 56738 | Vaults:3 | Found a staircase to the Crypt.
 57141 | Vaults:4 | Noticed Sojobo
 57146 | Vaults:4 | Paralysed by an air elemental for 1 turns
 57146 | Vaults:4 | HP: 5/162 [Sojobo (13)]
 57148 | Vaults:4 | Killed from afar by Sojobo

Illustrated notes

Levels and vault maps discovered:
D:1:      psy_arrival_spokes, layout_loops_ring, ebering_ecumenical_altar_webs
D:2:      layout_loops_ring
D:3:      layout_basic, nicolae_tso_besieged_by_evil, uniq_sigmund
D:4:      layout_cave_pools, mainiacjoe_overflow_six_doors_small,
          mainiacjoe_overflow_small_starburst, minmay_temple_entry_proselytizer,
          serial_shops, nicolae_shop_advertising_works
          [nicolae_subvault_shop_adworks], hangedman_decor_lopped, uniq_ijyb
D:5:      layout_basic, demons_altar, kiku_gazebo_garden_becter,
          kennysheep_generic_room_2
D:6:      nicolae_cairo_tiling_very_big, layout_basic, kennysheep_mini_moat,
          uniq_crazy_yiuf_cottage, uniq_eustachio, uniq_pikel, uniq_grinder,
          uniq_blork_the_orc
D:7:      layout_cave_pods, nicolae_underground_beach
D:8:      cheibrodos_grave_circle, layout_basic, serial_bayou,
          serial_bayou_shore_b, serial_bayou_pond_d, serial_bayou_shore_b,
          serial_bayou_ford_a
D:9:      layout_loops_corners, nicolae_overflow_squiral
D:10:     layout_basic, lair_entry_dummy, david_orc_2, kennysheep_crisscross,
          uniq_psyche
D:11:     layout_roguey, minmay_microvault, uniq_harold
D:12:     layout_loops_corners, gauntlet_entry_generic, the_hattery, uniq_snorg
D:13:     cheibrodos_breeding_chamber, layout_loops_ring, david_vaults_2,
          kennysheep_generic_room_12
D:14:     layout_basic, small_statue_intersection, uniq_roxanne
D:15:     grunt_enter_depths_hoard, layout_rooms, nrook_campfire, special_room
          [special_room_bee], uniq_josephine
Temple:   minmay_temple_curvy_branch
Lair:1:   layout_regular_city, nicolae_lair_grove_arrangements,
          chequers_serial_rivers_marsh, chequers_serial_rivers_micro_c,
          serial_bayou_lagoon_b
Lair:2:   beast_lair_carwin_large_3, layout_loops_ring,
          nicolae_quartered_pool_super, st_stairs_5
Lair:3:   layout_hall_layers, minivault_27, beast_lair_carwin_1, uniq_gastronok,
          uniq_rupert
Lair:4:   layout_regular_city, skrybe_swamp_entry_bodies, beast_lair_carwin_4
Lair:5:   layout_cave_shapes
Lair:6:   gammafunk_lair_ancient_temple, layout_gridlike,
          dpeg_slime_entry_enclosed_altar, serial_bayou_shore_b, uniq_nessos
Swamp:1:  layout_basic_swamp, nicolae_swamp_godswood, swamp_pool4,
          grunt_witch_cave
Swamp:2:  layout_basic_swamp, nicolae_swamp_treefoil, infiniplex_staircase_pool
Swamp:3:  layout_basic_swamp, evilmike_swamp_ruin_house_6
Swamp:4:  swamp, layout_basic_swamp, cheibrodos_swamp_minitomb
Snake:1:  layout_grid_maze
Snake:2:  layout_rooms, serial_shops, nicolae_shop_stone, drop_trap,
          serial_bayou_shore_b, uniq_vashnia
Snake:3:  layout_grid_maze, nicolae_shop_self_help, minmay_shoptagon,
          grunt_megastairs_2, uniq_azrael, uniq_kirke, uniq_aizul, uniq_asterion
Snake:4:  minmay_snake_end_coiled, layout_misc_corridors, serial_bayou_pond_b,
          drop_trap
Orc:1:    layout_caves
Orc:2:    st_orc_pillars, layout_caves, serial_shops, shop,
          nicolae_diamond_shop, shop, mines_bat_river
Elf:1:    layout_geoelf_octagon, basic_altar, minmay_elf_annihilation
Elf:2:    nicolae_elf_blades_splatter_lattice
          [nicolae_blade_entry_splitting_headache], layout_geoelf_octagon,
          serial_shops, nicolae_shop_stone
Elf:3:    elf_hall_gauntlet_narrow, layout_geoelf_grid, serial_shops,
          nicolae_shop_statue_plus, st_stairs_12
Vaults:1: mu_enter_wizlab_2, v_misc_12, nicolae_vaults_alarming,
          dpeg_vaults_monster_box, hangedman_vaults_trim,
          vaults_room_grunt_arrival_ludios, layout_vaults_omnigrid,
          serial_shops, nicolae_shop_waterfront
Vaults:2: vaults_standard_mumra_lines, vaults_standard_mumra_x, v_rooms_1,
          vaults_room_grid, v_alt_pattern_4, nicolae_vaults_little_squares_1,
          vaults_room_hallway, ontoclasm_vaults_ring_large, v_pattern_1,
          nicolae_vaults_little_squares_6, nicolae_vaults_what_the_h,
          nicolae_vaults_mini_display_case, layout_vaults_ring, serial_shops,
          nicolae_shop_waterfront
Vaults:3: v_misc_8, hangedman_vaults_stream, grunt_vaults_twisty,
          nicolae_vaults_sealed_display, ontoclasm_vaults_eye,
          nicolae_vaults_network_star, nicolae_vaults_network_barrier,
          nicolae_vaults_little_squares_5, layout_vaults_chaotic_city,
          dummy_crypt_entry
Vaults:4: vaults_mumra_minichess_inversion, vaults_mumra_chevron_long,
          hangedman_vaults_trim, hangedman_vaults_nails, v_rooms_3,
          ontoclasm_vaults_shout, nicolae_vaults_three_branches,
          v_alt_pattern_2, ontoclasm_vaults_twist, layout_vaults_maze_bifur,
          uniq_sojobo, uniq_jory

Skill      XL: |  1  2  3  4  5  6  7  8  9 10 11 12 13 14 15 16 17 18 19 20 |
---------------+-------------------------------------------------------------+-----
Throwing       | 2 3 4 5 6 7 8 9 |  9.6
Dodging        | 3 4 5 6 7 8 9 10 11 12 13 14 | 14.9
Armour         | 1 2 3 4 5 6 7 8 9 10 11 12 13 14 | 14.5
Fighting       | 3 4 5 6 7 8 9 10 11 12 13 14 15 | 15.9
Evocations     | 1 3 4 5 6 7 8 9 |  9.2
Shields        | 1 2 4 5 6 7 8 10 11 12 13 14 | 14.0
Invocations    | 4 6 8 9 |  9.4
Polearms       | 3 4 5 6 |  6.0
Short Blades   | 3 5 7 8 |  8.5
Crossbows      | 2 5 6 8 9 10 11 | 11.3
Axes           | 3 5 7 8 |  8.5

Action                   |  1- 3 |  4- 6 |  7- 9 | 10-12 | 13-15 | 16-18 | 19-21 || total
-------------------------+-------+-------+-------+-------+-------+-------+-------++-------
Melee: War axe           |    67 |   104 |    22 |       |       |       |       ||   193
       Touch             |     3 |    17 |     7 |       |       |       |       ||    27
       Headbutt          |     2 |    24 |    51 |   116 |   174 |   120 |   101 ||   588
       Dagger            |       |       |   177 |   144 |       |       |       ||   321
       Trident           |       |       |       |   315 |   225 |       |       ||   540
       Kick              |       |       |       |       |   326 |   156 |   164 ||   646
       Cutlass           |       |       |       |       |   562 |   382 |       ||   944
       Scimitar          |       |       |       |       |     9 |    34 |       ||    43
       Broad axe         |       |       |       |       |       |    19 |   333 ||   352
 Fire: Hand crossbow     |       |       |       |       |   250 |   919 |   169 ||  1338
Throw: Throwing net      |       |     2 |     2 |       |       |       |       ||     4
       Javelin           |       |       |       |     9 |    12 |       |       ||    21
       Boomerang         |       |       |       |    15 |       |       |       ||    15
       Dart              |       |       |       |     6 |       |       |     1 ||     7
Invok: Recall Ancestor   |       |       |     2 |       |       |       |     1 ||     3
       Ancestor Life: He |       |       |     1 |       |       |       |       ||     1
Evoke: Wand              |       |       |       |     2 |       |       |     1 ||     3
       Lightning rod     |       |       |       |       |       |       |     4 ||     4
  Use: Scroll            |       |       |       |    13 |    20 |     9 |    10 ||    52
       Potion            |       |       |       |     1 |     1 |     9 |     1 ||    12
 Stab: Sleeping          |     2 |       |       |       |       |       |       ||     2
       Held in net/web   |       |     1 |     1 |       |       |       |       ||     2
       Distracted        |       |       |     1 |     4 |     9 |       |     4 ||    18
       Confused          |       |       |       |     5 |     6 |     4 |     9 ||    24
       Petrified         |       |       |       |       |     2 |       |       ||     2
       Paralysed         |       |       |       |       |    14 |    16 |     7 ||    37
Armor: Leather armour    |    19 |       |       |       |       |       |       ||    19
       Swamp dragon scal |     2 |    46 |    83 |   217 |   165 |   217 |       ||   730
       Chain mail        |       |       |       |    24 |       |       |       ||    24
       Plate armour      |       |       |       |       |    36 |    25 |   194 ||   255
       Crystal plate arm |       |       |       |       |   110 |    22 |       ||   132
Dodge: Dodged            |    53 |    76 |    68 |   263 |   282 |   437 |   183 ||  1362
       Repelled          |       |       |       |       |       |    27 |     1 ||    28
Block: Kite shield       |       |       |    59 |   252 |   388 |   473 |   258 ||  1430

Table legend: (Time is in decaauts)
 A = Elapsed time spent in this place.
 B = Non-inter-level travel time spent in this place.
 C = Inter-level travel time spent in this place.
 D = Time resting spent in this place.
 E = Time spent auto-exploring this place.
 F = Levels seen in this place.
 G = Mean time per level.
                   A        B        C        D        E       F      G
               +--------+--------+--------+--------+--------+-----+--------+
         Total |  58263 |  53280 |   4983 |   6252 |  37657 |  41 | 1421.0 |
       Dungeon |  18378 |  16919 |   1459 |    545 |  13520 |  15 | 1225.2 |
        Temple |    194 |    175 |     19 |      0 |    169 |   1 |  194.0 |
          Lair |   9151 |   7420 |   1731 |    237 |   5975 |   6 | 1525.2 |
         Swamp |   7860 |   7272 |    588 |   2200 |   4092 |   4 | 1965.0 |
     Snake Pit |   8799 |   8394 |    405 |   1738 |   5355 |   4 | 2199.8 |
  Orcish Mines |   3708 |   3393 |    315 |   1129 |   1671 |   2 | 1854.0 |
   Elven Halls |   4544 |   4257 |    287 |    117 |   3177 |   3 | 1514.7 |
        Vaults |   4184 |   4006 |    178 |      0 |   3037 |   4 | 1046.0 |
        Wizlab |    949 |    949 |      0 |    285 |    321 |   1 |  949.0 |
      Gauntlet |    492 |    492 |      0 |      0 |    338 |   1 |  492.0 |
               +--------+--------+--------+--------+--------+-----+--------+

Top non-repeatable levels by time:
 Swamp:3: 3432 daAuts
   Orc:2: 2783 daAuts
 Snake:3: 2734 daAuts
 Snake:1: 2504 daAuts
 Snake:2: 2202 daAuts
    D:14: 2127 daAuts
   Elf:2: 1998 daAuts
 Swamp:1: 1928 daAuts
  Lair:6: 1888 daAuts
     D:8: 1670 daAuts
  Lair:2: 1644 daAuts
  Lair:4: 1608 daAuts
  Lair:1: 1604 daAuts
    D:12: 1512 daAuts
Vaults:3: 1478 daAuts
